 Dungeon Crawl Stone Soup version 0.31-a0-221-gbddc013574 (webtiles) character file.

Game seed: 6228507839811322540

5 Maxmaps the Poker (level 1, 0/16 HPs)
             Began as a Demonspawn Reaver on July 5, 2023.
             Frozen to death by an endoplasm (2 damage)
             ... on level 1 of the Dungeon.
             The game lasted 00:00:05 (40 turns).

Maxmaps the Poker (Demonspawn Reaver)                 Turns: 40, Time: 00:00:06

Health: 0/16       AC:  3    Str: 12    XL:     1   Next: 66%
Magic:  3/3        EV: 11    Int: 14    God:
Gold:   0          SH:  0    Dex: 11    Spells: 3/4 levels left

rFire   . . .        a - +0 spear
rCold   . . .        (no shield)
rNeg    . . .        b - +0 leather armour
rPois   .            (no helmet)
rElec   .            (no cloak)
rCorr   .            (no gloves)
SInv    .            (no boots)
Will    .....        (no amulet)
Stlth   +            (no ring)
HPRegen 0.22/turn    (no ring)
MPRegen 0.08/turn

%: no passive effects
@: no status effects
A: no striking features
a: no special abilities


You were on level 1 of the Dungeon.
You visited 1 branch of the dungeon, and saw 1 of its levels.

Inventory:

Hand Weapons
 a - a +0 spear (weapon)
Armour
 b - a +0 leather armour (worn)


   Skills:
 - Level 2.0 Fighting
 + Level 3.1 Polearms
 - Level 1.7 Dodging
 - Level 2.0 Spellcasting
 - Level 3.0 Conjurations


You had 3 spell levels left.
You knew the following spells:

 Your Spells              Type           Power      Damage    Failure   Level
a - Kiss of Death         Conj/Necr      20%        2d7       16%         1

Your spell library contained the following spells:

 Spells                   Type           Power      Damage    Failure   Level
 Momentum Strike          Conj/Tloc      10%        3d8       24%         2
 Hailstorm                Conj/Ice       5%         3d4       43%         3


Dungeon Overview and Level Annotations

Branches:
Dungeon (1/15)

Altars:


Message History

You are too injured to fight recklessly!
You are too injured to fight recklessly!
You are too injured to fight recklessly!
You closely miss the jackal.
The jackal is severely wounded.
The jackal bites you but does no damage.
The endoplasm closely misses you. The kobold closely misses you.
You hit the jackal.
You kill the jackal!
The endoplasm freezes you.
You are frozen.
* * * LOW HITPOINT WARNING * * *
The kobold misses you.
You barely miss the quokka. The quokka bites you.
* * * LOW HITPOINT WARNING * * *
The endoplasm freezes you.
You are frozen.
* * * LOW HITPOINT WARNING * * *
The kobold hits you but does no damage.
Unknown command.
You closely miss the quokka.
The quokka bites you but does no damage.
The endoplasm closely misses you.
The quokka bites you but does no damage.
The kobold hits you with a +0 dagger.
* * * LOW HITPOINT WARNING * * *
You hit the quokka but do no damage. The quokka closely misses you.
You hit the quokka.
The quokka is severely wounded.
The endoplasm closely misses you. The kobold hits you but does no damage.
The quokka misses you.
You hit the quokka.
The quokka is almost dead.
The endoplasm barely misses you. The kobold closely misses you.
The quokka completely misses you.
You miss the quokka.
The quokka is almost dead.
The endoplasm freezes you.
You are frozen.
You die...

..... ... ...
... # #.#
#.#.# #.#r#
#K@# ##J##
#...######
#....#......#
......!.####.#
##.###.## #.#
#. #. #># . ..
#.# # ### #.#


You could see an endoplasm, a quokka and a kobold.

Vanquished Creatures
  4 jackals (D:1)
4 creatures vanquished.

Notes
Turn   | Place    | Note
-------+----------+-------------------------------------------
     0 | D:1      | Maxmaps the Demonspawn Reaver began the quest for the Orb.
     0 | D:1      | Reached XP level 1. HP: 16/16 MP: 3/3
    40 | D:1      | Frozen to death by an endoplasm

Illustrated notes

Levels and vault maps discovered:
D:1:      saegor_arrival_simple_c, layout_loops_ring, serial_shops, shop,
          moated_statue, minmay_lizard_pond

Skill      XL: |  1 |
---------------+----+-----
Polearms       | 3 |  3.1
Fighting       | |  2.0
Dodging        | |  1.7
Spellcasting   | |  2.0
Conjurations   | |  3.0

Action                     || total
---------------------------++-------
  Melee: Spear             ||    17
         Punch             ||     1
 Armour: Leather armour    ||     9
  Dodge: Dodged            ||    17

Table legend: (Time is in decaauts)
 A = Elapsed time spent in this place.
 B = Non-inter-level travel time spent in this place.
 C = Inter-level travel time spent in this place.
 D = Time resting spent in this place.
 E = Time spent auto-exploring this place.
 F = Levels seen in this place.
 G = Mean time per level.
                   A        B        C        D        E       F      G
               +--------+--------+--------+--------+--------+-----+--------+
         Total |     38 |     38 |      0 |      0 |     19 |   1 |   38.0 |
       Dungeon |     38 |     38 |      0 |      0 |     19 |   1 |   38.0 |
               +--------+--------+--------+--------+--------+-----+--------+

Top non-repeatable levels by time:
     D:1: 38 daAuts
